 Dungeon Crawl Stone Soup version 0.31.0-32-g396128a36d (webtiles) character file.

Game seed: 5020504420938524071

22 Jinxx the Magician (level 2, -1/19 HPs)
             Began as a Demonspawn Hedge Wizard on Apr 18, 2024.
             Slain by an adder (4 damage)
             ... on level 1 of the Dungeon.
             The game lasted 00:03:49 (797 turns).

Jinxx the Magician (Demonspawn Hedge Wizard)         Turns: 797, Time: 00:03:49

Health: -1/19      AC:  2    Str: 10    XL:     2   Next: 68%
Magic:  1/6        EV: 12    Int: 14    God:
Gold:   17         SH:  0    Dex: 12    Spells: 6/7 levels left

rFire   . . .        l - +1 short sword (drain)
rCold   + . .        (no shield)
rNeg    . . .        b - +0 robe
rPois   .            c - +0 hat
rElec   .            (no cloak)
rCorr   .            (no gloves)
SInv    .            (no boots)
Will    .....        (no amulet)
Stlth   ++           j - ring of protection from cold
HPRegen 0.23/turn    (no ring)
MPRegen 0.10/turn

%: no passive effects
@: lethally poisoned (-1 -> -4), very slightly contaminated
A: powered by death 1
a: no special abilities


You were on level 1 of the Dungeon.
You visited 1 branch of the dungeon, and saw 2 of its levels.

You collected 17 gold pieces.

Inventory:

Hand Weapons
 a - a +0 dagger
 l - a +1 short sword of draining (weapon)
Missiles
 g - 4 poisoned darts
Armour
 b - a +0 robe (worn)
 c - a +0 hat (worn)
Jewellery
 j - a ring of protection from cold (left hand)
Talismans
 h - a talisman of death
 n - a beast talisman
Scrolls
 k - a scroll of identify {unknown}
 m - a scroll of torment {unknown}
 o - a scroll of silence {unknown}
Potions
 d - a potion of magic
 e - a potion of haste {unknown}
 f - 2 potions of enlightenment {unknown}
 i - a potion of invisibility {unknown}


   Skills:
 * Level 0.2 Fighting
 + Level 0.3 Short Blades
 * Level 0.5 Armour
 * Level 2.0 Dodging
 + Level 2.0 Stealth
 * Level 3.3 Spellcasting
 + Level 1.0 Conjurations
 + Level 1.0 Summonings
 * Level 1.0 Translocations


You had 6 spell levels left.
You knew the following spells:

 Your Spells              Type           Power      Damage    Failure   Level
a - Magic Dart            Conj           20%        1d4       14%         1

Your spell library contained the following spells:

 Spells                   Type           Power      Damage    Failure   Level
 Blink                    Tloc           10%        N/A       21%         2
 Call Imp                 Summ           10%        N/A       21%         2
 Slow                     Hex            8%         N/A       22%         1
 Cigotuvi's Dreadful Rot  Necr/Alch/Air  4%         N/A       32%         2
 Mephitic Cloud           Conj/Alch/Air  3%         N/A       50%         3


Dungeon Overview and Level Annotations

Branches:
Dungeon (2/15)

Altars:


Innate Abilities, Weirdness & Mutations

You regenerate a little health from kills.


Message History

a +0 dagger; a goblin corpse The adder misses you.
There is a stone staircase leading up here.
The adder closely misses you. The adder bites you but does no damage.
You climb upwards.
There is a stone staircase leading down here.
The adder closely misses you.
You climb downwards.
There is a stone staircase leading up here.
The adder bites you.
You climb upwards.
There is a stone staircase leading down here.
The adder attacks as it pursues you! The adder bites you.
The adder closely misses you.
You are too injured to fight recklessly!
Aiming: Magic Dart (safe; 14% risk of failure)
Press: ? - help, Q - select action, (/) - cycle Shift-Dir - straight line, f - adder
Aim: an adder (100% to hit)
You miscast Magic Dart.
You are very lightly contaminated with residual magic.
Nothing appears to happen.
The adder barely misses you.
Aiming: Magic Dart (safe; 14% risk of failure)
Press: ? - help, Q - select action, (/) - cycle Shift-Dir - straight line, f/p - adder
Aim: an adder (100% to hit)
The magic dart hits the adder.
The adder is lightly wounded.
The adder completely misses you.
You closely miss the adder.
The adder is lightly wounded.
The adder closely misses you. The adder bites you.
You are lethally poisoned!
The adder poisons you!
You barely miss the adder.
* * * LOW HITPOINT WARNING * * *
You feel sick. The adder barely misses you.
You miss the adder.
* * * LOW HITPOINT WARNING * * *
You feel sick. The adder bites you.
You die...

≈~≈~.~~~≈≈≈~...###.......#.......
≈≈≈≈.<.≈≈≈≈~.###.........#.......
~≈≈≈~~~≈≈≈≈~≈.#..................
~≈≈≈~.≈≈≈≈≈≈..##.........##......
~.~~.≈≈≈~≈≈.###.##.......##......
.≈~.~≈~~~....#..##.......##......
~##.~~....~~...##........##......
.########.....##.........###.....
## ##.######.##@.....(...###.###
#####...########S.......#.###.##
................>.......#..##..##
................#####[......##...
##########....#######.........##.
...# ##.##.†...........###....
...######..##########.....###....
..........## #.......##...
...######## #######......


You could see an adder.

Vanquished Creatures
  2 ball pythons (D:1)
  An endoplasm (D:2)
  A giant cockroach (D:1)
  3 goblins
  2 hobgoblins (D:1)
  3 kobolds
  4 bats (D:1)
  A frilled lizard (D:1)
  2 rats (D:1)
19 creatures vanquished.

Notes
Turn   | Place    | Note
-------+----------+-------------------------------------------
     0 | D:1      | Jinxx the Demonspawn Hedge Wizard began the quest for the
                  | Orb.
     0 | D:1      | Reached XP level 1. HP: 13/13 MP: 4/4
   280 | D:1      | Gained mutation: You regenerate a little health from kills.
                  | [demonic ancestry]
   280 | D:1      | Reached XP level 2. HP: 19/19 MP: 0/6
   769 | D:2      | Reached skill level 1 in Translocations
   797 | D:1      | Slain by an adder

Illustrated notes

Levels and vault maps discovered:
D:1:      dpeg_arrival_subterranean_lakeside_camping, layout_rooms,
          minmay_misc_feat_x
D:2:      layout_loops_corners, uniq_sigmund

Skill      XL: |  1  2 |
---------------+-------+-----
Dodging        | 2 |  2.0
Stealth        | 2 |  2.0
Translocations | 1 |  1.0
Fighting       | |  0.2
Short Blades   | |  0.3
Armour         | |  0.5
Spellcasting   | |  3.3
Conjurations   | |  1.0
Summonings     | |  1.0

Action                     || total
---------------------------++-------
  Melee: Dagger            ||     6
         Short sword       ||    15
   Cast: Magic Dart        ||    27
   Stab: Sleeping          ||     3
 Armour: Robe              ||    23
  Dodge: Dodged            ||    20
